 Dungeon Crawl Stone Soup version 0.24.0-125-gc4c63601f3 (webtiles) character file.

Game seed: 12754151238351843241, levelgen mode: deterministic

49 Johnny the Chiller (level 3, -2/28 HPs)
             Began as a Draconian Ice Elementalist on Mar 4, 2020.
             Slain by Grinder (3 damage)
             ... while paralysed by Grinder
             ... on level 4 of the Dungeon.
             The game lasted 00:03:08 (2214 turns).

Johnny the Chiller (Draconian Ice Elementalist)     Turns: 2214, Time: 00:03:08

Health: -2/28      AC:  6    Str: 10    XL:     3   Next: 51%
Magic:  0/7        EV:  2    Int: 16    God:
Gold:   109        SH:  0    Dex: 11    Spells: 7/8 levels left

rFire    . . .     SeeInvis .   d - +1 dagger (drain)
rCold    . . .     Gourm    .   (no shield)
rNeg     . . .     Faith    .   (armour unavailable)
rPois    .         Spirit   .   (helmet restricted)
rElec    .         Reflect  .   (no cloak)
rCorr    .         Harm     .   m - +0 pair of gloves
MR       .....                  (no boots)
Stlth    ++........             (no amulet)
HPRegen  0.09/turn              (no ring)
MPRegen  0.10/turn              (no ring)

@: paralysed, very slightly contaminated, hasted
A: unfitting armour, cold-blooded, AC +5
a: no special abilities


You were on level 4 of the Dungeon.
You were not hungry.

You visited 1 branch of the dungeon, and saw 4 of its levels.

You collected 109 gold pieces.

Inventory:

Hand Weapons
 d - a +1 dagger of draining (weapon)
Armour
 m - a +0 pair of gloves (worn)
Scrolls
 c - 3 scrolls of identify {unknown}
 e - a scroll of blinking {unknown}
 f - 2 scrolls of teleportation {unknown}
 g - a scroll of remove curse {unknown}
 h - a scroll of random uselessness {unknown}
 i - 2 scrolls of amnesia {unknown}
 k - a scroll of fear {unknown}
 n - a scroll of fog {unknown}
Potions
 l - 2 potions of magic
Comestibles
 b - 4 rations
 o - a chunk of flesh


   Skills:
 + Level 1.0 Fighting
 - Level 1.7 Dodging
 - Level 1.7 Stealth
 * Level 3.1 Spellcasting
   Level 1.0 Conjurations
 + Level 3.5 Ice Magic


You had 7 spell levels left.
You knew the following spells:

 Your Spells              Type           Power        Failure   Level  Hunger
a - Freeze                Ice            ##..         4%          1    #......

Your spell library contained the following spells:

 Spells                   Type           Power        Failure   Level  Hunger
 Throw Frost              Conj/Ice       #.....       11%         2    ##.....
 Ozocubu's Armour         Chrm/Ice       #.......     26%         3    ###....
 Throw Icicle             Conj/Ice       #.......     58%         4    #####..
 Summon Ice Beast         Ice/Summ       #.......     65%         4    #####..


Dungeon Overview and Level Annotations

Branches:
Dungeon (4/15)
 Temple: D:4-7

Altars:
Xom

Annotations:
D:4 Grinder


Innate Abilities, Weirdness & Mutations

Your plain brown scales are hard. (AC +5)
You cannot fit into any form of body armour.
You are cold-blooded and may be slowed by cold attacks.


Message History

Confirm with . or Enter, or press ? or * to list all spells.
You don't have enough magic to cast that spell.
No previous command to re-do.
No previous command to re-do.
You barely miss Grinder.
Grinder is moderately wounded.
Grinder hits you.
* * * LOW HITPOINT WARNING * * *
You hit Grinder but do no damage.
Grinder is moderately wounded.
You hit Grinder.
Grinder is heavily wounded.
Grinder gestures at you.
You suddenly lose the ability to move!
You feel less wooden.
Your +0 pair of gloves unmelds from your body.
Grinder hits you.
* * * LOW HITPOINT WARNING * * *
You writhe in agony.
You die...

... #.# #.# #
..####.# .##
#......#### #..##
#....##### #.....
##.##.....##......
###.รท######.#.$.....
#.....# #.@5!.....
#.....# #..........
#..<..# #.###......
#.........< #...#.
#..>..##### ####
#.....# #.....#
#######


You could see Grinder.

Vanquished Creatures
  An adder (D:2)
  A worm (D:2)
  A leopard gecko (D:4)
  4 bats
  A giant cockroach (D:3)
  9 goblins
  3 hobgoblins
  2 quokkas (D:2)
  A ball python (D:3)
  3 frilled lizards
  2 kobolds (D:1)
  6 rats
34 creatures vanquished.

Notes
Turn   | Place    | Note
-------+----------+-------------------------------------------
     0 | D:1      | Johnny the Draconian Ice Elementalist began the quest for
                  | the Orb.
     0 | D:1      | Reached XP level 1. HP: 14/14 MP: 3/3
   338 | D:1      | Reached XP level 2. HP: 16/20 MP: 5/5
  1175 | D:2      | Reached XP level 3. HP: 15/27 MP: 0/7
  1782 | D:2      | Found a shimmering altar of Xom.
  1913 | D:3      | Found a faded altar of an unknown god.
  1953 | D:3      | Reached skill level 1 in Fighting
  1977 | D:3      | Noticed a phantom
  2153 | D:4      | Noticed Grinder
  2156 | D:4      | Paralysed by Grinder for 6 turns
  2167 | D:4      | Paralysed by Grinder for 5 turns
  2175 | D:4      | Paralysed by Grinder for 5 turns
  2190 | D:4      | Paralysed by Grinder for 6 turns
  2213 | D:4      | Paralysed by Grinder for 3 turns
  2214 | D:4      | HP: 1/28 [Grinder (6)]
  2214 | D:4      | Slain by Grinder

Levels and vault maps discovered:
D:1:      minmay_arrival_loop, layout_loops_corners
D:2:      layout_basic, marbit_many_paths, nicolae_tso_swordbearing_angel
D:3:      layout_loops_ring, zin_treasury,
          chequers_temple_overflow_statue_of_worship,
          chequers_ecumenical_altar_simple, supply_closet_lemuel
D:4:      layout_rooms, serial_shops, kennysheep_mini_moat, first_ration,
          uniq_grinder

Skill      XL: |  1  2  3 |
---------------+----------+-----
Spellcasting   | 3 |  3.1
Fighting       | 1 |  1.0
Dodging        | |  1.7
Stealth        | |  1.7
Conjurations   | |  1.0
Ice Magic      | |  3.5

Action                   || total
-------------------------++-------
Melee: Unarmed           ||    22
       Dagger            ||    99
       Tailslap          ||     4
 Cast: Freeze            ||    35
  Use: Potion            ||     4
 Stab: Sleeping          ||     6
  Eat: Chunk             ||     4
Armor: Skin              ||    54
Dodge: Dodged            ||    81
